Map: Templo óseo EE

Players

NIGHER

  • Race: Protoss Protoss
  • Spawn Location: 7:00

Mickle

  • Race: Protoss Protoss
  • Spawn Location: 7:00

BillbusBago

  • Race: Terran Terran
  • Spawn Location: 6:00

MrFercho

  • Race: Zerg Zerg
  • League: Silver
  • Spawn Location: 12:00

TATORREA

  • Race: Protoss Protoss
  • League: Silver
  • Spawn Location: 1:00

tigro

  • Race: Terran Terran
  • League: Bronze
  • Spawn Location: 3:00

VOD

Have the link to the VOD?

Description

Time

  • Played on: May 19, 2020, 10:21 p.m.
  • Length: 11:03
Show
View Real Time Build Order
Export as new Build Order

NIGHER Protoss 

Build Orders:  

Get SALT Encoding   

  12  0:11  Assimilator  
  12  0:17  Probe (Chrono Boost)  
  13  0:27  Probe (Chrono Boost)  
  14  0:31  Pylon  
  14  0:51  Gateway  
  14  0:56  Probe  
  15  1:03  Assimilator  
  15  1:08  Probe  
  16  1:20  Probe  
  16  1:21  Pylon  
  17  1:40  Cybernetics Core  
  17  2:02  Pylon  
  17  2:08  Pylon  
  17  2:15  Pylon  
  17  2:20  Stargate  
  17  2:45  Protoss Air Weapons Level 1 (Chrono Boost)  
  17  2:54  Robotics Facility  
  17  3:10  Void Ray (Chrono Boost)  
  21  3:44  Void Ray (Chrono Boost)  
  25  4:11  Stargate  
  25  4:31  Warp Gate  
  25  4:36  Void Ray  
  29  4:59  Fleet Beacon  
  29  5:23  Void Ray  
  21  7:19  Tempest  
  21  7:20  Tempest  
  31  7:38  Nexus  
  31  7:43  Assimilator  
  31  7:50  Assimilator  
  31  7:59  Tempest (Chrono Boost)  
  31  8:00  Tempest (Chrono Boost)  
  41  8:35  Void Ray x2  
  49  9:23  Probe (Chrono Boost)  
  50  9:33  Probe (Chrono Boost)  
  50  9:38  Probe (Chrono Boost)  
  52  9:49  Probe  
  53  10:01  Probe  
Show
View Real Time Build Order
Export as new Build Order

Mickle Protoss 

Build Orders:  

Get SALT Encoding   

  12  0:02  Probe  
  13  0:19  Pylon  
  13  0:22  Probe (Chrono Boost)  
  14  0:34  Probe (Chrono Boost)  
  15  0:40  Gateway  
  15  0:48  Assimilator  
  15  0:55  Probe  
  15  0:56  Assimilator  
  16  1:07  Probe  
  17  1:23  Probe (Chrono Boost)  
  18  1:29  Cybernetics Core  
  18  1:35  Probe (Chrono Boost)  
  19  1:44  Probe (Chrono Boost)  
  20  1:49  Gateway  
  20  1:53  Probe  
  21  1:56  Pylon  
  21  2:03  Warp Gate (Chrono Boost)  
  21  2:16  Gateway  
  21  2:20  Gateway  
  21  2:23  Pylon, Probe  
  22  2:35  Probe  
  23  3:09  Pylon  
  23  3:14  Pylon  
  22  3:46  Stalker x4  
  22  3:59  Stalker x4  
  30  4:24  Stalker x3  
  30  4:25  Stalker  
  34  4:51  Stalker x2  
  34  4:52  Stalker x2  
  36  5:18  Stalker  
  38  5:28  Probe  
  39  5:30  Pylon  
  39  5:33  Pylon  
  39  5:46  Stalker  
  39  5:51  Stalker x3  
  43  6:11  Stalker  
  43  6:14  Stalker x2  
  43  6:15  Stalker  
  51  6:42  Pylon  
  51  6:53  Stalker x2  
  55  7:07  Stalker  
  57  7:08  Stalker  
  59  7:27  Stalker x2  
  47  8:00  Stalker  
  47  8:01  Stalker x3  
  49  8:34  Stalker  
  49  8:35  Stalker x3  
  57  9:00  Stalker x3  
  63  9:14  Pylon  
  63  9:24  Sentry x2  
  55  9:25  Sentry  
  55  9:26  Stalker  
  47  9:48  Stalker x2  
  47  9:49  Stalker  
  47  9:50  Stalker  
  55  10:17  Sentry x2  
  59  10:22  Stalker  
Show
View Real Time Build Order
Export as new Build Order

BillbusBago Terran 

Build Orders:  

Get SALT Encoding   

  12  0:11  Supply Depot  
  12  0:15  SCV  
  13  0:37  Supply Depot  
  13  0:48  Supply Depot  
  13  1:02  Supply Depot  
  13  1:10  SCV  
  14  1:11  Barracks  
  14  1:22  SCV  
  15  1:27  Refinery  
  15  2:01  Marine  
  16  2:19  Marine  
  17  2:37  Marine  
  18  2:47  Engineering Bay  
  18  2:55  Marine  
  19  3:13  Marine  
  20  3:44  Factory  
  20  3:48  Reaper  
  21  3:54  SCV  
  21  4:20  Reaper  
  20  4:51  Terran Infantry Weapons Level 1  
  20  4:52  Refinery  
  19  5:07  Orbital Command  
  19  5:27  Factory Tech Lab  
  19  5:30  Marine  
  20  5:48  Marine  
  21  6:19  Siege Tank  
  24  6:25  Reaper  
  24  6:51  Siege Tank  
  27  6:57  Reaper  
  27  7:22  Terran Infantry Armor Level 1  
  27  7:29  Barracks, Marine  
  27  7:47  Marine  
  28  8:05  Marine  
  27  8:20  Barracks Tech Lab  
  27  8:23  Marine  
  28  8:28  Ghost Academy  
  28  8:43  Ghost Academy  
  28  8:56  Starport  
  28  9:13  Nuke  
  28  9:15  Nuke  
  28  9:16  Ghost  
  33  9:48  Medivac  
Show
View Real Time Build Order
Export as new Build Order

MrFercho Zerg 

Build Orders: Pool First 

Get SALT Encoding   

  12  0:02  Drone  
  13  0:13  Overlord  
  13  0:18  Drone  
  14  0:36  Drone x3  
  14  0:41  Extractor  
  16  0:48  Drone  
  17  0:54  Extractor  
  16  0:59  Spawning Pool  
  15  1:05  Drone  
  16  1:13  Drone  
  17  1:20  Drone  
  18  1:36  Drone  
  19  1:46  Queen  
  21  1:52  Drone  
  22  1:54  Overlord  
  22  2:20  Hatchery  
  21  2:27  Drone x3  
  24  2:34  Spore Crawler  
  23  2:52  Lair  
  23  3:17  Spine Crawler  
  23  3:19  Drone  
  23  3:20  Drone x5  
  28  3:42  Drone  
  28  3:43  Queen  
  30  3:56  Infestation Pit  
  28  4:33  Hatchery  
  27  5:00  Drone x2  
  27  5:01  Drone x4  
  33  5:09  Zergling x2  
  33  5:10  Zergling x4  
  33  5:11  Overlord x2  
  36  5:24  Spine Crawler  
  35  5:30  Spine Crawler  
  34  5:40  Extractor  
  33  5:45  Extractor  
  32  5:53  Hatchery  
  31  5:59  Hatchery  
  30  6:23  Spore Crawler  
  29  6:25  Spore Crawler  
  28  6:33  Spire  
  27  7:03  Drone  
  27  7:04  Drone x4  
  32  7:14  Drone x5  
  32  7:15  Drone x10  
  46  7:58  Spine Crawler x2  
  45  8:00  Drone  
  45  8:01  Drone x2  
  45  8:05  Lair  
  46  8:18  Mutalisk x6  
  46  8:19  Mutalisk x2  
  62  8:28  Drone x3  
  65  8:35  Overlord x2, Drone  
  66  8:55  Mutalisk  
  66  8:56  Mutalisk x5  
  66  8:57  Spine Crawler  
  66  8:59  Spine Crawler  
  76  9:06  Hive  
  76  9:13  Drone x3  
  74  9:47  Spine Crawler  
  74  9:49  Spine Crawler  
  74  9:52  Spine Crawler  
  56  10:07  Spawning Pool  
Show
View Real Time Build Order
Export as new Build Order

TATORREA Protoss 

Build Orders:  

Get SALT Encoding   

  12  0:02  Probe  
  13  0:20  Pylon, Probe  
  14  0:32  Probe  
  15  0:44  Gateway  
  15  0:48  Probe  
  16  0:58  Gateway  
  16  1:00  Probe  
  17  1:09  Assimilator  
  17  1:12  Probe  
  18  1:19  Pylon  
  18  1:24  Probe  
  19  1:36  Probe  
  20  1:44  Cybernetics Core  
  20  1:46  Forge  
  20  1:49  Probe  
  20  1:50  Assimilator  
  21  2:01  Probe  
  22  2:27  Pylon  
  22  2:30  Photon Cannon  
  22  2:33  Photon Cannon  
  22  2:34  Stalker  
  24  2:39  Stalker  
  26  2:45  Protoss Ground Weapons Level 1  
  26  2:49  Warp Gate  
  26  3:02  Photon Cannon  
  26  3:17  Stalker x2  
  30  4:04  Stalker x2  
  32  4:33  Stargate  
  32  4:35  Stargate  
  30  4:39  Twilight Council  
  26  4:53  Stalker  
  26  4:54  Stalker  
  30  5:17  Gateway  
  30  5:22  Gateway  
  30  5:23  Gateway  
  30  5:26  Gateway  
  30  5:35  Pylon  
  30  5:38  Pylon  
  30  5:43  Pylon  
  30  5:48  Stalker  
  30  5:49  Pylon  
  32  5:50  Stalker  
  34  6:14  Stalker  
  34  6:16  Stalker  
  38  6:21  Zealot  
  40  6:26  Zealot  
  42  6:33  Zealot  
  44  6:50  Stalker  
  34  7:29  Stalker  
  30  7:30  Stalker x2  
  30  7:31  Stalker  
  30  7:44  Protoss Ground Weapons Level 2  
  30  7:50  Shield Battery  
  22  7:52  Shield Battery  
  22  7:55  Shield Battery  
  22  7:56  Stalker  
  24  8:01  Stalker  
  22  8:23  Stalker  
  10  8:47  Stalker  
    9:14  Probe (Chrono Boost)  
  1  9:37  Probe  
  2  9:53  Pylon  
  2  10:01  Probe  
  3  10:22  Probe  
  4  10:34  Probe  
Show
View Real Time Build Order
Export as new Build Order

tigro Terran 

Build Orders:  

Get SALT Encoding   

  12  0:03  SCV  
  13  0:15  SCV  
  14  0:24  Supply Depot  
  14  0:30  SCV  
  15  0:37  Refinery  
  15  0:45  SCV  
  16  0:56  Barracks  
  16  1:07  SCV  
  17  1:16  Refinery  
  17  1:19  SCV  
  18  1:27  Supply Depot  
  18  1:31  SCV  
  19  1:43  SCV  
  20  1:47  Barracks Tech Lab  
  20  1:55  SCV  
  20  1:57  Barracks  
  21  2:07  Engineering Bay  
  21  2:09  Marine  
  22  2:20  SCV  
  23  2:27  Marine  
  24  2:31  Combat Shield  
  24  2:45  Marine  
  25  2:55  Missile Turret  
  25  3:00  Barracks Tech Lab  
  25  3:03  Marine  
  26  3:20  Marine  
  27  3:46  Marine  
  28  3:50  Stimpack, Concussive Shells  
  28  4:04  Marine  
  28  4:07  Missile Turret  
  29  4:10  Marauder  
  31  4:29  Missile Turret  
  31  4:30  Factory  
  30  4:45  SCV  
  30  4:51  Marine  
  31  4:54  Marauder  
  26  5:09  Marine  
  26  5:11  SCV  
  28  5:15  Marauder  
  28  5:16  Terran Infantry Weapons Level 1  
  30  5:26  Marine  
  31  5:46  Marauder  
  31  5:48  Marauder  
  31  5:52  Supply Depot  
  28  6:07  Marauder  
  28  6:10  Marauder  
  1  7:22  Command Center  
  1  8:35  SCV  
  2  8:46  Barracks  
  2  8:47  SCV  
  3  8:59  SCV  
  4  9:11  SCV  
  5  9:23  SCV  
  6  9:43  Factory  
  6  9:49  SCV  
  7  10:11  Marauder  
  9  10:30  Factory Tech Lab  
Tags
 
Add a new tag
Caveats
  • Supply blocks, unpowered buildings, or Contaminate may cause inaccurate times.
  • Supply counts are checked every 10 seconds.